cohdb
Replays
Latest Replays
All Replays
Popular Replays
Top Player Replays
Match Explorer
How It Works
Community
CoH3 Stats
Reddit
Sign in to upload your games and track your stats! →
Sign in with Steam
Match 45773851
Unlisted
Match 45773851
Overview
Messages
Build Orders
End
Kettenkrad Recon Vehicle
Construct Infanterie Kompanie
Selects Terror Battlegroup
Selects Machine Gun Camouflage
MG 42 Machine Gun Team
Grenadier Squad
Construct Panzergrenadier Kompanie
Panzergrenadier Squad
251 Medium Carrier
Pak 40 Anti-tank Gun Team
Selects Contempt for the Weak
Support Elements
StuG III G Assault Gun
Nebelwerfer 42 Rocket Launcher Team
StuG III G Assault Gun
Medical Station
MG 42 Machine Gun Team
Panzergrenadier Officer Quarters
Infanterie Officer Quarters
Selects Defend the Fatherland
Side Skirts
Kettenkrad Recon Vehicle
Pioneer Squad
MG 42 Machine Gun Team
Pak 40 Anti-tank Gun Team
Selects King Tiger Heavy Tank
King Tiger Heavy Tank
Pioneer Squad
Frühstück
Sarpistic
CommieRed
Thank You Chef
0
0
Comments
sign in to comment!
No comments posted yet!